 Dungeon Crawl Stone Soup version 0.17-a0-1949-g1acca9a (webtiles) character file.

39 Kusio the Cudgeler (level 3, 0/39 HPs)
             Began as an Ogre Gladiator on Oct 2, 2015.
             Killed from afar by Natasha (2 damage)
             ... with a wand of magic darts
             ... on level 2 of the Dungeon.
             The game lasted 00:01:37 (951 turns).

Kusio the Cudgeler (Ogre Gladiator)                  Turns: 951, Time: 00:01:37

Health: 0/39       AC:  3    Str: 21    XL:     3   Next: 47%
Magic:  3/3        EV:  5    Int:  7    God:
Gold:   49         SH:  0    Dex: 10    Spells: 0 memorised, 2 levels left

rFire  . . .     SeeInvis .     a - +0 flail
rCold  . . .     Clarity  .     b - +0 robe
rNeg   . . .     SustAt   .     (no shield)
rPois  .         Gourm    .     c - +0 hat
rElec  .         Spirit   .     (no cloak)
rCorr  .         Warding  .     (gloves unavailable)
rMut   .         Stasis   .     (boots unavailable)
MR     .....                    (no amulet)
Stlth  +.........               (no ring)
                                (no ring)

@: not resistant to hostile enchantments, very unstealthy
A: unfitting armour, tough skin 1
a: no special abilities


You were on level 2 of the Dungeon.
You were not hungry.

You visited 1 branch of the dungeon, and saw 2 of its levels.

You collected 49 gold pieces.

Inventory:

Hand weapons
 a - a +0 flail (weapon)
Missiles
 d - 2 throwing nets (quivered)
Armour
 b - a +0 robe (worn)
 c - a +0 hat (worn)
 j - a +0 shield
Scrolls
 f - a scroll of remove curse {unknown}
 g - 2 scrolls of teleportation {unknown}
 h - a scroll of identify {unknown}
Potions
 i - a potion of curing {unknown}
 k - a potion of brilliance {unknown}
Comestibles
 e - a bread ration


   Skills:
 + Level 4.0 Fighting
 + Level 5.0 Maces & Flails
 - Level 2.1 Throwing
 - Level 2.6 Dodging


You had 2 spell levels left.
You didn't know any spells.

Dungeon Overview and Level Annotations

Branches:
Dungeon (2/15)

Altars:

Annotations:
D:2 Natasha


Innate Abilities, Weirdness & Mutations

You are too large for most types of armour.
You have tough skin (AC +1).


Message History

Your experience leads to an increase in your attributes!
Increase (S)trength, (I)ntelligence, or (D)exterity?
You feel stronger. x2
The white imp disappears in a puff of smoke!
d - 2 throwing nets (gained 1)
You see here the felid corpse of Natasha.
Natasha, Servant of Life and Death comes into view.
Natasha hisses angrily.
Natasha mumbles some strange words.
You see here a rat skeleton.
You see here a rat skeleton.
The white imp gestures at you. The puff of frost hits you!
* * * LOW HITPOINT WARNING * * *
Natasha casts a spell at you. The magic dart hits you!
* * * LOW HITPOINT WARNING * * *
There is a stone staircase leading down here.
Natasha zaps a wand.
The magic dart hits you!
You die...

.. ..(#.# ...
#..##..#.# #.#
#......#.# #.# #
#.#.####.# #..
#5.......#+##
.##..###h#.#####...##
...........# ##.....##
####.##.##.###<......##
#.#@....P#.........#
#[.....♣†'.........'
#......♣P..........#
#..#.##.###.......##
#..###### ##.....##
#..# ##...## #..# ##+##
#..###### #........


You could see Natasha and a white imp.

Vanquished Creatures
  Natasha (D:2)
  2 giant cockroaches (D:1)
  3 hobgoblins
  A ball python (D:1)
  2 bats (D:1)
  2 giant newts (D:1)
  A goblin (D:1)
  2 kobolds (D:1)
  3 rats
17 creatures vanquished.

Notes
Turn   | Place    | Note
--------------------------------------------------------------
     0 | D:1      | Kusio the Ogre Gladiator began the quest for the Orb.
     0 | D:1      | Reached XP level 1. HP: 22/22 MP: 1/1
   284 | D:1      | Reached XP level 2. HP: 20/31 MP: 2/2
   612 | D:2      | Noticed Natasha
   936 | D:2      | Killed Natasha
   936 | D:2      | Reached skill level 5 in Maces & Flails
   936 | D:2      | Reached XP level 3. HP: 10/39 MP: 3/3
   943 | D:2      | Noticed Natasha
   951 | D:2      | Killed from afar by Natasha

Vault maps used:
D:1:      lightli_iron_boxes, st_stairs_7
D:2:      serial_forest, infiniplex_forest_straight_2,
          infiniplex_forest_clump_tiny, infiniplex_forest_lined_ring,
          infiniplex_forest_fountain, infiniplex_forest_straight_2,
          infiniplex_forest_clump_small, infiniplex_forest_straight_1,
          infiniplex_forest_straight_2, infiniplex_forest_lined_corner,
          infiniplex_forest_straight_3, uniq_natasha

Action                   || total
-------------------------++-------
Melee: Flail             ||    51
Throw: Throwing net      ||     2
 Stab: Sleeping          ||     1
